 Dungeon Crawl Stone Soup version 0.20.1-1-g8b1a95d (webtiles) character file.

2832 vineage the Carver (level 9, 0/63 HPs)
             Began as a Demonspawn Fighter on Nov 15, 2017.
             Was a Priest of Okawaru.
             Killed by divine providence
             ... invoked by an orc priest
              (16 damage)
             ... on level 8 of the Dungeon.
             The game lasted 00:11:08 (6902 turns).

vineage the Carver (Demonspawn Fighter)             Turns: 6902, Time: 00:11:08

Health: 0/63       AC:  9    Str: 19    XL:     9   Next: 45%
Magic:  9/9        EV:  8    Int:  9    God:    Okawaru [***...]
Gold:   315        SH: 16    Dex: 14    Spells: 8/8 levels left

rFire    . . .     SeeInvis .   a - +0 long sword
rCold    + . .     Gourm    .   c - +2 shield
rNeg     . . .     Faith    .   n - +0 ring mail
rPois    .         Spirit   .   (helmet restricted)
rElec    .         Reflect  +   (no cloak)
rCorr    .         Harm     .   (no gloves)
MR       .....                  (no boots)
Stlth    +.........             v - +5 amulet of reflection
Regen    0.2/turn               r - ring of ice
MPRegen  0.2/turn               (no ring)

@: no status effects
A: horns 2, iridescent scales 2, demonic guardian 1, fire resistance 1, ignite
blood, flame cloud immunity
a: Heroism, Renounce Religion


You were on level 8 of the Dungeon.
You worshipped Okawaru.
Okawaru was most pleased with you.
You were hungry.

You visited 1 branch of the dungeon, and saw 8 of its levels.

You collected 315 gold pieces.

Inventory:

Hand Weapons
 a - a +0 long sword (weapon)
Armour
 b - a +0 scale mail
 c - a +2 shield (worn)
 n - a +0 ring mail (worn)
Jewellery
 r - a ring of ice (left hand)
 v - a +5 amulet of reflection (around neck)
Wands
 s - a wand of confusion (26/48)
 B - a wand of lightning (7/15)
Scrolls
 i - a scroll of fear
 j - a scroll of blinking
 l - 7 scrolls of remove curse
 p - 3 scrolls of random uselessness
 q - 2 scrolls of fog
 u - a scroll of immolation {unknown}
 w - 3 scrolls of teleportation
 x - a scroll of recharging
 y - 2 scrolls of amnesia {unknown}
 z - 3 scrolls of identify
Potions
 d - 2 potions of heal wounds {unknown}
 e - a potion of lignification {unknown}
 h - 3 potions of flight
 k - 2 potions of magic
 t - 2 potions of ambrosia {unknown}
 A - 2 potions of might
 C - a potion of haste
 D - a potion of curing
Books
 g - a book of Geomancy

   Spells                             Type                      Level
   a - Sandblast                      Earth                        1
   b - Passwall                       Transmutation/Earth          2
   c - Stone Arrow                    Conjuration/Earth            3
   d - Petrify                        Transmutation/Earth          4
   e - Lee's Rapid Deconstruction     Earth                        5
 o - a book of Conjurations

   Spells                             Type                      Level
   a - Magic Dart                     Conjuration                  1
   b - Searing Ray                    Conjuration                  2
   c - Dazzling Spray                 Conjuration/Hexes            3
   d - Fulminant Prism                Conjuration/Hexes            4
   e - Force Lance                    Conjuration/Translocation    4
   f - Iskenderun's Mystic Blast      Conjuration                  4
Comestibles
 f - 3 bread rations
 m - a royal jelly
 E - 3 chunks of flesh


   Skills:
 - Level 3.0 Fighting
 + Level 11.9 Long Blades
 - Level 2.6 Armour
 - Level 2.6 Shields


You had 8 spell levels left.
You didn't know any spells.

Dungeon Overview and Level Annotations

Branches:
Dungeon (8/15)             Temple (0/1) D:4
   Lair: D:8-11

Altars:
Ashenzari
Cheibriados
Dithmenos
Elyvilon
Makhleb
Okawaru
Trog
Yredelemnul

Shops:
D:7 ?


Innate Abilities, Weirdness & Mutations

You have a pair of horns on your head.
You are mostly covered in iridescent scales. (AC +4)
A weak demonic guardian rushes to your aid.
Your flesh is heat resistant. (rF+)
Your demonic aura causes spilled blood to erupt in flames.
You are immune to clouds of flame.


Message History

Deactivating autopickup; reactivate with Ctrl-A.
Things that are here:
a dagger; a robe; an orc corpse A magic dart appears from out of thin air!
The magic dart hits you!
The orc priest invokes the aid of Beogh against you.
Beogh smites you!
You see here a buckler.
The orc priest looks satisfied for a moment.
A magic dart appears from out of thin air!
The magic dart hits you! Something hits you.
You miss something. You headbutt something!
The orc priest mumbles some strange prayers to Beogh against you.
Beogh smites you! Something hits you.
* * * LOW HITPOINT WARNING * * *
You miss something.
The orc priest mumbles some strange prayers to Beogh against you.
Beogh smites you!
You die...

##### #####.....#
....###...#.....##
###.#............#
.................#
###.............[#
###.........##.#
###...##..##.#
#...##..##.#
######..##@# ###
#..##{# ... #..
#o##.# #..##)#..#
###...#)...#
...#....####
........#⌠.##'.#.
##.#....#.......o
#...##..#.......


You could see an orc priest.

Vanquished Creatures
  Prince Ribbit (D:5)
  A wyvern (D:8)
  A hungry ghost (D:7)
  An orc warrior (D:6)
  A sky beast (D:8)
  An ogre (D:4)
  An ice beast (D:8)
  A centaur (D:7)
  4 bullfrogs
  A wyvern zombie (D:7)
  2 scorpions
  A water moccasin skeleton (D:4)
  A howler monkey (D:5)
  4 crimson imps
  A bullfrog zombie (D:7)
  4 hounds
  An orc priest (D:3)
  A bullfrog skeleton (D:7)
  Jessica (D:2)
  Natasha (thrice) (D:3)
  2 orc wizards
  4 worker ants
  A killer bee zombie (D:7)
  2 hound zombies
  Robin (D:2)
  A worker ant zombie (D:7)
  5 gnolls
  10 adders
  3 howler monkey skeletons
  4 shadow imps
  2 oozes
  2 adder skeletons
  2 worms (D:2)
  3 dart slugs
  A leopard gecko (D:5)
  23 orcs
  3 giant cockroaches
  17 goblins
  3 hobgoblins
  6 jackals
  2 quokkas
  2 ball pythons
  6 bats
  9 frilled lizards
  A jackal zombie (D:5)
  7 kobolds
  2 quokka zombies
  2 rats
158 creatures vanquished.

Vanquished Creatures (collateral kills)
  The ghost of Folque the Conjurer, a novice OpWz (D:6)
  A bullfrog (D:6)
  A hound (D:4)
  A worker ant (D:6)
  A gnoll (D:4)
  An adder (D:4)
  2 orcs (D:6)
  A jackal (D:6)
9 creatures vanquished.

Grand Total: 167 creatures vanquished

Notes
Turn   | Place    | Note
-------+----------+-------------------------------------------
     0 | D:1      | vineage the Demonspawn Fighter began the quest for the Orb.
     0 | D:1      | Reached XP level 1. HP: 18/18 MP: 1/1
    29 | D:1      | Reached skill level 2 in Long Blades
   117 | D:1      | Gained mutation: You are partially covered in iridescent scales. (AC +2) [demonic ancestry]
   117 | D:1      | Reached XP level 2. HP: 23/24 MP: 2/2
   622 | D:2      | Reached skill level 3 in Long Blades
   771 | D:2      | Gained mutation: You have a pair of small horns on your head. [demonic ancestry]
   771 | D:2      | Reached XP level 3. HP: 29/29 MP: 3/3
   910 | D:2      | Noticed Jessica
   914 | D:2      | Killed Jessica
   945 | D:2      | Found a bloodstained altar of Trog.
   945 | D:2      | Noticed Robin
   950 | D:2      | Gained mutation: Your flesh is heat resistant. (rF+) [demonic ancestry]
   950 | D:2      | Reached XP level 4. HP: 33/35 MP: 4/4
   960 | D:2      | Reached skill level 4 in Long Blades
   968 | D:2      | Killed Robin
  1696 | D:3      | Found a basalt altar of Yredelemnul.
  1699 | D:3      | Found a burning altar of Makhleb.
  1774 | D:3      | Gained mutation: You are immune to clouds of flame. [demonic ancestry]
  1774 | D:3      | Reached XP level 5. HP: 24/41 MP: 5/5
  1817 | D:3      | Noticed Natasha
  1836 | D:3      | Killed Natasha
  1836 | D:3      | Reached skill level 5 in Long Blades
  2257 | D:3      | Found an iron altar of Okawaru.
  2415 | D:3      | Gained mutation: A weak demonic guardian rushes to your aid. [demonic ancestry]
  2415 | D:3      | Reached XP level 6. HP: 39/47 MP: 6/6
  2443 | D:3      | Found a white marble altar of Elyvilon.
  2485 | D:3      | Noticed Natasha
  2495 | D:3      | Killed Natasha
  2567 | D:3      | Reached skill level 6 in Long Blades
  3180 | D:4      | Found a snail-covered altar of Cheibriados.
  3193 | D:4      | Found a staircase to the Ecumenical Temple.
  3456 | D:4      | Reached skill level 7 in Long Blades
  3456 | D:4      | Gained mutation: You have a pair of horns on your head. [demonic ancestry]
  3456 | D:4      | Reached XP level 7. HP: 51/52 MP: 7/7
  3646 | D:4      | Got a transparent garnet amulet
  3709 | D:4      | Identified the amulet "Kitaroci" {Inacc Stlth+} (You found it on level 4 of the Dungeon)
  3737 | D:5      | Entered Level 5 of the Dungeon
  3773 | D:3      | Noticed Natasha
  3780 | D:3      | Killed Natasha
  3806 | D:3      | Became a worshipper of Warmaster Okawaru
  3981 | D:5      | Reached skill level 8 in Long Blades
  4025 | D:5      | Noticed Prince Ribbit
  4051 | D:5      | Killed Prince Ribbit
  4314 | D:5      | Gained mutation: You are mostly covered in iridescent scales. (AC +4) [demonic ancestry]
  4314 | D:5      | Reached XP level 8. HP: 56/58 MP: 8/8
  4870 | D:6      | Reached * piety under Okawaru
  4870 | D:6      | Reached skill level 9 in Long Blades
  4881 | D:6      | Found a burning altar of Makhleb.
  5525 | D:6      | Reached skill level 10 in Long Blades
  5531 | D:6      | Noticed Folque's ghost (novice OpWz)
  5569 | D:6      | Killed Folque's ghost
  5569 | D:6      | Reached ** piety under Okawaru
  5940 | D:7      | Gained mutation: Your demonic aura causes spilled blood to erupt in flames. [demonic ancestry]
  5940 | D:7      | Reached XP level 9. HP: 63/63 MP: 9/9
  6088 | D:7      | Found Koluosuq's Magic Scroll Shoppe.
  6120 | D:7      | Found a shadowy altar of Dithmenos.
  6144 | D:7      | Reached skill level 11 in Long Blades
  6147 | D:7      | Reached *** piety under Okawaru
  6749 | D:8      | Found a shattered altar of Ashenzari.
  6902 | D:8      | Killed from afar by an orc priest

Skill      XL: |  1  2  3  4  5  6  7  8  9 |
---------------+----------------------------+-----
Long Blades    | 2 3 4 5 7 8 10 11 | 11.9
Fighting       | |  3.0
Armour         | |  2.6
Shields        | |  2.6

Action                   |  1- 3 |  4- 6 |  7- 9 || total
-------------------------+-------+-------+-------++-------
Melee: Long sword        |    84 |   210 |   320 ||   614
       Headbutt          |     1 |    44 |    67 ||   112
Invok: Heroism           |       |       |     1 ||     1
  Use: Scroll            |     6 |     2 |     6 ||    14
       Potion            |       |     3 |     3 ||     6
 Stab: Distracted        |       |     1 |       ||     1
  Eat: Chunk             |       |     8 |     6 ||    14
       Fruit             |       |     1 |     1 ||     2
       Meat ration       |       |       |     1 ||     1
Armor: Scale mail        |    53 |       |       ||    53
       Ring mail         |     6 |    86 |    70 ||   162
Dodge: Dodged            |    37 |    61 |    47 ||   145
Block: Shield            |    44 |   142 |   214 ||   400
       Reflection        |       |       |     3 ||     3
       Rpst.: Long sword |     6 |    20 |    12 ||    38
